 Dungeon Crawl Stone Soup version 0.31-a0-233-g139696dc86 (webtiles) character file.

Game seed: 9654896306694849600

54 qw the Shooter (level 3, -2/29 HPs)
             Began as a Minotaur Hexslinger on July 9, 2023.
             Slain by a hobgoblin (3 damage)
             ... led by Robin
             ... on level 2 of the Dungeon.
             The game lasted 00:00:22 (803 turns).

qw the Shooter (Minotaur Hexslinger)                 Turns: 803, Time: 00:00:23

Health: -2/29      AC:  2    Str: 12    XL:     3   Next: 66%
Magic:  3/3        EV: 12    Int: 10    God:
Gold:   39         SH:  0    Dex: 14    Spells: 3/4 levels left

rFire   . . .        Y - +1 sling
rCold   . . .        (no shield)
rNeg    . . .        c - +0 robe
rPois   .            (helmet restricted)
rElec   .            (no cloak)
rCorr   .            (no gloves)
SInv    .            (no boots)
Will    .....        (no amulet)
Stlth   +            (no ring)
HPRegen 0.24/turn    (no ring)
MPRegen 0.08/turn

%: no passive effects
@: lethally poisoned (-2 -> -7)
A: horns 2, retaliatory headbutt
a: no special abilities


You were on level 2 of the Dungeon.
You visited 1 branch of the dungeon, and saw 2 of its levels.

You collected 39 gold pieces.


Innate Abilities, Weirdness & Mutations

You have a pair of horns on your head.
You reflexively headbutt those who attack you in melee.


   Skills:
 - Level 2.0 Fighting
 + Level 4.2 Ranged Weapons
 - Level 2.1 Dodging
 - Level 1.0 Spellcasting
 - Level 2.0 Hexes


You had 3 spell levels left.
You knew the following spells:

 Your Spells              Type           Power      Damage    Failure   Level
a - Slow                  Hex            16%        N/A       16%         1

Your spell library contained the following spells:

 Spells                   Type           Power      Damage    Failure   Level
 Inner Flame              Hex/Fire       2%         N/A       56%         3
 Portal Projectile        Hex/Tloc       4%         N/A       56%         3
 Cause Fear               Hex            2%         N/A       83%         4

Inventory:

Hand Weapons
 Y - a +1 sling (weapon)
Armour
 c - a +0 robe (worn)
Scrolls
 a - a scroll of identify {unknown}
 e - a scroll of torment {unknown}
Potions
 b - 3 potions of enlightenment {unknown}
 d - a potion of haste {unknown}
 g - a potion of magic {unknown}

Dungeon Overview and Level Annotations

Branches:
Dungeon (2/15)

Altars:


Message History

The dart slug is lightly wounded.
The bat barely misses you.
You shoot a sling bullet. The sling bullet hits the kobold.
The kobold is severely wounded.
The goblin barely misses you.
The kobold hits you with a +1 dagger of venom.
You are poisoned.
You shoot a sling bullet.
The sling bullet closely misses the kobold.
The sling bullet hits the bat.
You kill the bat!
You feel very sick. The kobold hits you but does no damage.
You are more poisoned.
The goblin closely misses you. You furiously retaliate!
You headbutt the goblin!
You kill the goblin!
You shoot a sling bullet.
The sling bullet hits the kobold but does no damage.
The kobold is severely wounded.
You feel very sick.
The kobold hits you with a +1 dagger of venom.
You are lethally poisoned!
The kobold closely misses you. The hobgoblin completely misses you.
You shoot a sling bullet. The sling bullet hits the kobold.
You kill the kobold!
You feel very sick. The hobgoblin barely misses you.
You shoot a sling bullet.
The sling bullet hits the hobgoblin but does no damage.
You feel very sick. The hobgoblin barely misses you.
You shoot a sling bullet. The sling bullet hits the hobgoblin.
The hobgoblin is lightly wounded.
You feel very sick. The hobgoblin hits you.
You shoot a sling bullet.
The sling bullet hits the hobgoblin but does no damage.
The hobgoblin is lightly wounded.
You feel sick. The hobgoblin hits you.
You die...

#################
#
#........))......
...
#.###############
.....###.####
.....wg@)...#
.....##)###.# ...
...# # . K.)#.#
w....#.. .... ###
##)# .. #.#


You could see a dart slug and a hobgoblin.

Vanquished Creatures
  Robin (D:2)
  2 dart slugs (D:2)
  2 ball pythons (D:1)
  3 bats
  An endoplasm (D:1)
  2 giant cockroaches
  8 goblins
  6 hobgoblins
  4 kobolds
  2 quokkas
  3 frilled lizards
  A rat (D:2)
35 creatures vanquished.

Notes
Turn   | Place    | Note
-------+----------+-------------------------------------------
     0 | D:1      | qw the Minotaur Hexslinger began the quest for the Orb.
     0 | D:1      | Reached XP level 1. HP: 16/16 MP: 1/1
     0 | D:1      | 0 ||| qw: Version: 0.3-a-51-g015441d
     0 | D:1      | 0 ||| qw: Game counter: 3825
     0 | D:1      | 0 ||| qw: Melee chars always use a shield: true
     0 | D:1      | 0 ||| qw: God list: Okawaru
     0 | D:1      | 0 ||| qw: Allow faded altars: false
     0 | D:1      | 0 ||| qw: Do Orc after clearing Dungeon:15 true
     0 | D:1      | 0 ||| qw: Do second Lair branch before Depths: true
     0 | D:1      | 0 ||| qw: Lair rune preference: random
     0 | D:1      | 0 ||| qw: Goals: Normal
     0 | D:1      | 0 ||| PLANNING D:1-11
    80 | D:1      | Reached skill level 3 in Ranged Weapons
    82 | D:1      | Reached XP level 2. HP: 23/23 MP: 2/2
   526 | D:1      | 526 ||| READING scroll labelled COAMYE OQOSAFUSS.
   527 | D:1      | 527 ||| READING scroll labelled QENUMI ECWE.
   528 | D:1      | 528 ||| DROPPING scroll of poison.
   592 | D:2      | Reached XP level 3. HP: 29/29 MP: 3/3
   688 | D:2      | Noticed Robin
   702 | D:2      | Killed Robin
   703 | D:2      | Reached skill level 4 in Ranged Weapons
   791 | D:2      | 791 ||| Stepping ~*~*~tactically~*~*~ (outnumbered).
   801 | D:2      | HP: 7/29 [poisoned by a kobold]
   802 | D:2      | HP: 2/29 [hobgoblin[Robin] (2)]
   803 | D:2      | Slain by a hobgoblin

Levels and vault maps discovered:
D:1:      lemuel_arrival_muddy, layout_basic, chequers_jeans
D:2:      layout_loops_ring, basic_altar, uniq_robin

Skill      XL: |  1  2  3 |
---------------+----------+-----
Ranged Weapons | 3 4 |  4.2
Fighting       | 2 |  2.0
Dodging        | |  2.1
Spellcasting   | |  1.0
Hexes          | |  2.0

Action                     || total
---------------------------++-------
   Fire: Sling             ||   104
    Use: Scroll            ||     2
 Armour: Robe              ||     9
  Dodge: Dodged            ||    30

Table legend:
 A = Non-vault XP
 B = Vault XP
 C = Vault XP percentage of total XP
 D = Non-vault monster count
 E = Vault monster count
 F = Vault count percentage of total count
                 A         B        C        D         E       F
            +---------+---------+-------+---------+---------+-------
      Total |      46 |      32 |  41.0 |      25 |      10 |  28.6
            +---------+---------+-------+---------+---------+-------
        D:1 |      28 |       0 |   0.0 |      16 |       0 |   0.0
        D:2 |      18 |      32 |  64.0 |       9 |      10 |  52.6
            +---------+---------+-------+---------+---------+-------
